 Dungeon Crawl Stone Soup version 0.29-a0-1019-g84f7d21838 (webtiles) character file.

Game seed: 12676150299824094608

53 testman the Ruffian (level 3, -7/30 HPs)
             Began as a Draconian Transmuter on Aug 10, 2022.
             Killed by an exploding butterfly (16 damage)
             ... ignited by their inner flame
             ... on level 3 of the Dungeon.
             The game lasted 00:04:29 (1643 turns).

testman the Ruffian (Draconian Transmuter)          Turns: 1643, Time: 00:04:30

Health: -7/30      AC:  5    Str: 12    XL:     3   Next: 62%
Magic:  6/6        EV: 12    Int: 15    God:
Gold:   77         SH:  0    Dex: 11    Spells: 5/6 levels left

rFire   . . .      SeeInvis .     - Unarmed
rCold   . . .      Faith    .   (no shield)
rNeg    . . .      Spirit   .   (body armour unavailable)
rPois   .          Reflect  .   (helmet restricted)
rElec   .          Harm     .   (no cloak)
rCorr   .          Rampage  .   (no gloves)
Will    .....                   (no boots)
Stlth   +.........              (no amulet)
HPRegen 0.10/turn               (no ring)
MPRegen 0.10/turn               (no ring)

@: no status effects
A: AC +5, unfitting armour, cold-blooded
a: no special abilities


You were on level 3 of the Dungeon.
You visited 1 branch of the dungeon, and saw 3 of its levels.

You collected 77 gold pieces.

Inventory:

Scrolls
 d - a scroll of enchant weapon
 e - 3 scrolls of brand weapon
 f - a scroll of teleportation
 h - 2 scrolls of poison
Potions
 a - 3 potions of lignification
 c - a potion of curing {unknown}
 i - a potion of degeneration {unknown}


   Skills:
 + Level 2.6 Fighting
 - Level 1.7 Dodging
 + Level 3.8 Unarmed Combat
 + Level 2.1 Spellcasting
 + Level 2.1 Transmutations


You had 5 spell levels left.
You knew the following spells:

 Your Spells              Type           Power      Damage    Failure   Level
a - Beastly Appendage     Tmut           16%        N/A       9%          1

Your spell library contained the following spells:

 Spells                   Type           Power      Damage    Failure   Level
 Wereblood                Tmut           8%         N/A       14%         2
 Magic Dart               Conj           4%         1d3       22%         1
 Searing Ray              Conj           2%         2d4       32%         2
 Spider Form              Tmut/Pois      4%         N/A       38%         3
 Tukima's Dance           Hex            1%         N/A       54%         3
 Ice Form                 Ice/Tmut       4%         N/A       80%         4
 Fulminant Prism          Conj/Hex       0%         3d6       91%         4
 Passage of Golubria      Tloc           1%         N/A       91%         4
 Yara's Violent Unravell  Hex/Tmut       2%         3d3       98%         5


Dungeon Overview and Level Annotations

Branches:
Dungeon (3/15)

Altars:
Dithmenos


Innate Abilities, Weirdness & Mutations

Your plain brown scales are hard. (AC +5)
You cannot fit into any form of body armour.
You are cold-blooded and may be slowed by cold attacks.


Message History

A bat comes into view.
The bat completely misses you.
You miss the bat. The bat barely misses you. The bat closely misses you.
You miss the bat.
You tail-slap the bat, but do no damage.
The bat hits you but does no damage. The bat closely misses you.
The bat misses you.
You barely miss the bat.
Your tail-slap misses the bat.
The bat barely misses you.
You closely miss the bat.
You tail-slap the bat, but do no damage.
Your punch misses the bat. The bat completely misses you.
You barely miss the bat.
Your tail-slap misses the bat.
The bat misses you. The bat barely misses you.
The bat closely misses your butterfly. The bat hits your butterfly.
Your butterfly disappears in a burst of colours!
Your butterfly explodes!
The fiery explosion engulfs your butterfly!!
Your butterfly disappears in a burst of colours!
The fiery explosion engulfs your butterfly!!!
Your butterfly disappears in a burst of colours!
The fiery explosion engulfs your butterfly!!
Your butterfly disappears in a burst of colours!
The fiery explosion engulfs the bat!!
You kill the bat!
The fiery explosion engulfs your butterfly!!
Your butterfly disappears in a burst of colours!
Your butterfly explodes!
The fiery explosion engulfs your butterfly!!!
Your butterfly disappears in a burst of colours!
The fiery explosion engulfs your butterfly!!
Your butterfly disappears in a burst of colours!
Your butterfly explodes! x3
The fiery explosion engulfs you!!
Ouch! That really hurt!
* * * LOW HITPOINT WARNING * * *
Your butterfly explodes! x2
The fiery explosion engulfs you!
Ouch! That really hurt!
You die...

.###... ..#.
...#.# ......
#....# ......
#....##......
##....#......
#.#............
........§§§.+
........@§§§#
.....b.##§§##
.......##§§#
......##§§# .
..#.....§§## ..
#..b.....#
#.#.....b.##
..#...b.###.#
....b..<....#


There were no monsters in sight!

Vanquished Creatures
  An adder (D:2)
  2 worms (D:2)
  2 dart slugs
  3 ball pythons
  4 bats
  2 endoplasms
  4 goblins
  5 hobgoblins
  3 jackals (D:2)
  3 frilled lizards
  2 kobolds (D:1)
  2 rats (D:1)
33 creatures vanquished.

Notes
Turn   | Place    | Note
-------+----------+-------------------------------------------
     0 | D:1      | testman the Draconian Transmuter began the quest for the
                  | Orb.
     0 | D:1      | Reached XP level 1. HP: 16/16 MP: 3/3
     2 | D:1      | Noticed a ghoul
     2 | D:1      | Noticed a vampire
     4 | D:1      | Noticed a naga
     8 | D:1      | Noticed a demonspawn
     8 | D:1      | Noticed a formicid
    10 | D:1      | Noticed a tengu
    12 | D:1      | Noticed a troll
    12 | D:1      | Noticed a merfolk
    14 | D:1      | Noticed a dwarf
    14 | D:1      | Noticed a human
    16 | D:1      | Noticed a minotaur
    16 | D:1      | Noticed an ogre
    18 | D:1      | Noticed a spriggan
    18 | D:1      | Noticed a vine stalker
    20 | D:1      | Noticed a draconian
    20 | D:1      | Noticed an elf
    22 | D:1      | Noticed a felid
    24 | D:1      | Noticed a demigod
    24 | D:1      | Noticed an octopode
    26 | D:1      | Noticed a gargoyle
   374 | D:1      | Reached XP level 2. HP: 23/24 MP: 5/5
   860 | D:2      | Reached XP level 3. HP: 17/30 MP: 6/6
  1436 | D:2      | Found a shadowy altar of Dithmenos.
  1555 | D:2      | Found a faded altar of an unknown god.
  1643 | D:3      | Killed by an exploding butterfly... ignited by their inner
                  | flame

Illustrated notes

Levels and vault maps discovered:
D:1:      kb_arrival_jail, layout_basic
D:2:      layout_loops_cross, dreamdust_ecumenical_altar_angels_and_demons,
          basic_altar, nrook_mini_backslash, amcnicky_mini_corridor_feature
D:3:      layout_basic, nicolae_qazlal_scattered_showers, lemuel_round_altar,
          gup_sewer_entry_bowl, uniq_crazy_yiuf_cottage

Skill      XL: |  1  2 |
---------------+-------+-----
Fighting       | 2 |  2.6
Dodging        | |  1.7
Unarmed Combat | |  3.8
Spellcasting   | |  2.1
Transmutations | |  2.1

Action                   || total
-------------------------++-------
Melee: Unarmed           ||    81
       Tailslap          ||    14
       Headbutt          ||     8
       Kick              ||    15
       Punch             ||     1
 Cast: Beastly Appendage ||    19
  Use: Scroll            ||     6
 Stab: Sleeping          ||     1
Armor: Skin              ||    34
Dodge: Dodged            ||    55

Table legend: (Time is in decaauts)
 A = Elapsed time spent in this place.
 B = Non-inter-level travel time spent in this place.
 C = Inter-level travel time spent in this place.
 D = Time resting spent in this place.
 E = Time spent auto-exploring this place.
 F = Levels seen in this place.
 G = Mean time per level.
                   A        B        C        D        E       F      G
               +--------+--------+--------+--------+--------+-----+--------+
         Total |   1637 |   1609 |     28 |      0 |   1349 |   3 |  545.7 |
       Dungeon |   1637 |   1609 |     28 |      0 |   1349 |   3 |  545.7 |
               +--------+--------+--------+--------+--------+-----+--------+

Top non-repeatable levels by time:
     D:2: 833 daAuts
     D:1: 785 daAuts
     D:3: 18 daAuts
